 Dungeon Crawl Stone Soup version 0.28-a0-863-g8cecda6153 (webtiles) character file.

Game seed: 17064202207728062893

57170 kae the Martial Artist (level 14, -9/146 HPs)
             Began as a White Draconian Transmuter on Nov 17, 2021.
             Was an Elder of Uskayaw.
             Killed from afar by a molten gargoyle (20 damage)
             ... with a bolt of magma
             ... on level 6 of the Lair of Beasts.
             The game lasted 00:23:27 (28623 turns).

kae the Martial Artist (DrTm)                      Turns: 28623, Time: 00:23:28

Health: -9/146     AC: 12    Str: 18    XL:     14   Next: 44%
Magic:  27/27      EV: 14    Int: 17    God:    Uskayaw [****..]
Gold:   1466       SH:  0    Dex: 14    Spells: 23/31 levels left

rFire   x . .      SeeInvis +     - Unarmed
rCold   + + +      Faith    .   (shield currently unavailable)
rNeg    . . .      Spirit   .   (armour unavailable)
rPois   +          Reflect  .   (helmet currently unavailable)
rElec   .          Harm     .   (cloak currently unavailable)
rCorr   .          Rampage  .   (gloves currently unavailable)
Will    ++...                   (boots currently unavailable)
Stlth   +.........              o - amulet of the acrobat
HPRegen 0.34/turn               b - +4 ring of protection
MPRegen 0.20/turn               O - ring "Wuori" {rPois Will+ Str+6 Slay+3 SInv}

@: about to teleport, ice-form
A: freezing attack, amphibious, boosted hp, (breathe frost), AC +8, large,
unfitting armour, (cold resistance 1), (cold-blooded)
a: End Transformation, Renounce Religion, Stomp, Line Pass


You were on level 6 of the Lair of Beasts.
You worshipped Uskayaw.
Uskayaw was aware of your devotion.
You were a creature of crystalline ice.
You visited 3 branches of the dungeon, and saw 19 of its levels.
You also visited: Ice Cave.

You collected 1466 gold pieces.

Inventory:

Missiles
 g - 3 throwing nets
Armour
 d - a +0 pair of gloves (melded)
 e - a +0 hat (melded)
 r - the +1 pair of gloves of the Evening {rElec rPois Will- Int+4}
   (You found it on level 6 of the Dungeon)

   Int:       It affects your intelligence (+4).
   rElec:     It insulates you from electricity.
   rPois:     It protects you from poison.
   Will:      It decreases your willpower.
 s - a +1 cloak (melded)
 F - a +2 hat
Jewellery
 b - a +4 ring of protection (left front paw)
 h - a ring of ice
 j - the ring of the Secret Tales {+Blink rC+ Will- Int+6 Dex+2}
   (You found it in an ice cave)

   [ring of intelligence]

   Int:       It affects your intelligence (+6).
   Dex:       It affects your dexterity (+2).
   rC:        It protects you from cold.
   +Blink:    It lets you blink.
   Will:      It decreases your willpower.
 n - a ring of resist corrosion
 o - an amulet of the acrobat (around neck)
 q - a ring of ice
 D - an amulet of guardian spirit
 J - the ring "Trusted Companion" {Wiz rElec Str+2}
   (You found it on level 11 of the Dungeon)

   [ring of wizardry]

   It improves your spell success rate.
   Str:       It affects your strength (+2).
   rElec:     It insulates you from electricity.
 K - an amulet of magic regeneration
 M - an amulet of faith
 N - a ring of magical power
 O - the ring "Wuori" (right front paw) {rPois Will+ Str+6 Slay+3 SInv}
   (You found it in an ice cave)

   [ring of strength]

   Str:       It affects your strength (+6).
   Slay:      It affects your accuracy & damage with ranged weapons and melee
   (+3).
   rPois:     It protects you from poison.
   SInv:      It lets you see invisible.
   Will:      It increases your willpower.
 P - a ring of see invisible
 S - an amulet of regeneration
Wands
 i - a wand of acid (21)
 m - a wand of polymorph (10)
 y - a wand of iceblast (19)
 A - a wand of digging (12)
 B - a wand of flame (18)
 C - a wand of mindburst (11)
Scrolls
 k - 3 scrolls of enchant weapon
 v - 5 scrolls of amnesia
 x - 6 scrolls of teleportation
 E - 4 scrolls of blinking
Potions
 a - 2 potions of mutation
 c - 6 potions of might
 f - 2 potions of brilliance
 l - 9 potions of curing
 p - 2 potions of cancellation
 t - 2 potions of flight
 u - 2 potions of ambrosia
 w - 3 potions of attraction
 z - a potion of invisibility {unknown}
 G - 3 potions of heal wounds {unknown}
 H - a potion of magic
 I - a potion of haste {unknown}
 Q - 3 potions of berserk rage
Miscellaneous
 L - a piece from Xom's chessboard (15/15)


   Skills:
 + Level 10.8 Fighting
 + Level 9.3 Dodging
 * Level 14.0 Unarmed Combat
 + Level 9.2 Spellcasting
 + Level 10.1 Transmutations
 - Level 5.0 Ice Magic
 - Level 2.0 Poison Magic
 + Level 10.0 Invocations


You had 23 spell levels left.
You knew the following spells:

 Your Spells              Type           Power      Damage    Failure   Level
a - Beastly Appendage     Tmut           84%        N/A       1%          1
b - Spider Form           Tmut/Pois      28%        N/A       2%          3
c - Ice Form              Ice/Tmut       33%        N/A       4%          4

Your spell library contained the following spells:

 Spells                   Type           Power      Damage    Failure   Level
 Wereblood                Tmut           42%        N/A       1%          2
 Ensorcelled Hibernation  Hex/Ice        32%        N/A       4%          2
 Animate Skeleton         Necr           14%        N/A       10%         1
 Pain                     Necr           28%        1d5       10%         1
 Poisonous Vapours        Pois/Air       22%        N/A       10%         2
 Corpse Rot               Necr/Air       14%        N/A       14%         2
 Sublimation of Blood     Necr           7%         N/A       14%         2
 Call Canine Familiar     Summ           7%         N/A       28%         3
 Portal Projectile        Hex/Tloc       14%        N/A       28%         3
 Vampiric Draining        Necr           7%         2d6       28%         3
 Leda's Liquefaction      Hex/Erth       3%         N/A       67%         4
 Passage of Golubria      Tloc           7%         N/A       67%         4
 Summon Lightning Spire   Summ/Air       7%         N/A       67%         4
 Silence                  Hex/Air        3%         N/A       95%         5
 Storm Form               Tmut/Air       12%        N/A       100%        7
 Summon Hydra             Summ           3%         N/A       100%        7
 Lehudib's Crystal Spear  Conj/Erth      3%         10d3      100%        8
 Maxwell's Capacitive Co  Air            3%         ∞         100%        8


Dungeon Overview and Level Annotations

Branches:
Dungeon (12/15)            Temple (1/1) D:4            Lair (6/6) D:10
  Swamp (0/4) Lair:4       Spider (0/4) Lair:4        Slime (0/5) Lair:6
    Orc (0/2) D:9           IceCv (visited)

Altars:
Ashenzari
Cheibriados
Dithmenos
Elyvilon
Fedhas
Gozag
Hepliaklqana
Kikubaaqudgha
Makhleb
Nemelex Xobeh
Okawaru
Qazlal
Ru
Sif Muna
Trog
Uskayaw
Vehumet
Wu Jian
Xom
Yredelemnul
Zin
The Shining One
Jiyva

Shops:
D:8 (   D:12 (

Annotations:
D:10 1 runed translucent door, Swippen's ghost, journeyman GnBe
D:12 exclusions: fire elemental and orange crystal statue
Lair:3 3 runed translucent doors, Patate's ghost, journeyman TrFi; Tungsten's ghost, journeyman DjFE; qborf's ghost, journeyman FeCj; tstbtto's ghost, journeyman NaBe


Innate Abilities, Weirdness & Mutations

You are a creature of crystalline ice.
You have a powerful freezing melee attack.
You are amphibious.
Your maximum health is increased.
Your armour is entirely melded.
You are incapable of wielding weapons or throwing items.
((You can breathe waves of freezing cold which knock back foes.))
((Your icy white scales are hard. (AC +8)))
You cannot fit into any form of body armour.
((Your flesh is cold resistant. (rC+)))
((You are cold-blooded and may be slowed by cold attacks.))


Message History

You punch the hell hound! You freeze the hell hound!
The hell hound is almost dead.
The hell hound is no longer paralysed.
The hell hound bites you but does no damage.
The steam dragon bites you!
* * * LOW HITPOINT WARNING * * *
The steam dragon barely misses you. The hell hound bites you.
* * * LOW HITPOINT WARNING * * *
You pummel the hell hound!! You freeze the hell hound.
You kill the hell hound!
The lava snake spits lava at you. The glob of lava hits you!
The lava burns you terribly!
* * * LOW HITPOINT WARNING * * *
A molten gargoyle comes into view. It is wielding a +0 flail.
You hit the steam dragon but do no damage.
The steam dragon misses you. The steam dragon completely misses you.
You hit the steam dragon. You freeze the steam dragon.
The steam dragon is lightly wounded.
The steam dragon bites you but does no damage.
The steam dragon claws you but does no damage.
Uskayaw will force your foes to share their pain.
You pummel the steam dragon!! You freeze the steam dragon.
The steam dragon is almost dead.
The steam dragon completely misses you. The steam dragon closely misses you.
You barely miss the steam dragon.
The steam dragon is almost dead.
You punch the steam dragon! You freeze the steam dragon.
You kill the steam dragon!
The steam dragon scales are intact enough to wear.
The molten gargoyle blasts magma at you!
The bolt of magma misses you.
Items here: [ †††.
The lava snake spits lava at you. The glob of lava hits you.
The lava burns you terribly!
* * * LOW HITPOINT WARNING * * *
As you read the scroll of teleportation, it crumbles to dust.
You feel strangely unstable.
The molten gargoyle blasts magma at you!
The bolt of magma hits you!! The lava burns you terribly!
You die...

###*≈≈≈≈,,≈§§≈#........,*##......
.##≈≈≈**++**§≈≈#......***##..÷...
..##≈**....##.≈#.....#* ##.......
...#≈#......#.≈......# #........
...#≈#..,,..#≈.......#**#........
...≈§#.,,,,.#≈#..9...#8###.......
#§≈≈≈#,,,,,,#≈≈#......#* #.......
.#§≈≈##,,,,##≈≈##[#*8*8* #.......
..§§≈≈######≈≈≈SY§##**** ##......
...#§§§≈≈≈≈≈#≈≈..§≈#*≈≈* #......
....§§§≈≈≈§≈##§..§§##≈≈* ##÷.....
..#..###≈≈≈..##†≈≈§≈≈≈#*##.......
#8##..#........##≈§≈≈≈# #........
###≈≈§#.........###≈§## #........
*#≈≈#)..........8#*#≈# #......♣.
#≈≈§##.........###**≈#* #......♣.
§§≈##..........8#*§≈≈≈**##.......


You could see a molten gargoyle and a lava snake (catching breath).

Vanquished Creatures
  Gastronok (Lair:1)
  A white draconian (IceCv)
  11 hydras
  3 boulder beetles
  An anaconda (Lair:6)
  A two-headed ogre (D:12)
  3 death yaks (Lair:4)
  2 catoblepae
  A fire crab (Lair:6)
  A manticore (D:9)
  2 cyclopes (D:12)
  2 ugly things
  A will-o-the-wisp (Lair:4)
  7 black mambas
  5 elephants (Lair:6)
  2 ice statues (IceCv)
  2 unseen horrors
  5 cane toads
  A molten gargoyle (Lair:6)
  A gargoyle (D:12)
  2 ice devils (Lair:2)
  5 rime drakes
  9 komodo dragons
  5 trolls
  A polar bear (Lair:6)
  Grinder (D:4)
  18 blink frogs
  4 slime creatures (D:12)
  9 dream sheep
  52 yaks
  2 shadows
  3 wyverns
  A wraith (D:9)
  7 basilisks
  Eustachio (D:4)
  2 steam dragons (Lair:6)
  Menkaure (D:4)
  A vampire mosquito (D:9)
  3 acid dragons
  4 hell hounds (Lair:6)
  10 water moccasins
  Duvessa (D:4)
  5 orc warriors
  4 sky beasts
  2 ogres
  7 necrophages
  35 wolves
  9 centaurs
  A kobold brigand (D:9)
  8 bullfrogs
  5 gnoll sergeants
  3 scorpions
  A wyvern zombie (D:6)
  Dowan (D:4)
  2 lindwurm simulacra (IceCv)
  14 killer bees
  An electric eel (Lair:2)
  4 lava snakes (Lair:6)
  2 bullfrog zombies
  7 centaur zombies
  3 howler monkeys (D:11)
  A crimson imp (D:12)
  4 komodo dragon simulacra (IceCv)
  2 centaur skeletons (D:7)
  6 hounds
  2 jellies (D:6)
  2 gnoll shamans
  7 orc priests
  2 iguanas (D:6)
  11 orc wizards
  A killer bee zombie (D:8)
  A howler monkey zombie (D:5)
  31 gnolls
  3 howler monkey skeletons
  8 acid dragon simulacra (IceCv)
  4 adders
  3 white imps
  7 steam dragon simulacra (IceCv)
  3 worms
  2 dart slugs (D:1)
  50 orcs
  3 ball pythons
  5 bats
  4 endoplasms
  5 giant cockroaches
  6 goblins
  5 hobgoblins
  4 jackals (D:1)
  6 kobolds
  A quokka (D:2)
  5 frilled lizards
  A quokka skeleton (D:4)
  5 rats
509 creatures vanquished.

Vanquished Creatures (others)
  An unseen horror (D:12)
  A wolf (Lair:6)
  A kobold brigand (D:9)
  A gnoll sergeant (D:9)
  An orc wizard (D:9)
  2 foxfires (Lair:4)
  26 fungi
  42 plants
  2 withered plants (Lair:3)
77 creatures vanquished.

Grand Total: 586 creatures vanquished

Notes
Turn   | Place    | Note
-------+----------+-------------------------------------------
     0 | D:1      | kae the Draconian Transmuter began the quest for the Orb.
     0 | D:1      | Reached XP level 1. HP: 16/16 MP: 3/3
   298 | D:1      | Reached XP level 2. HP: 2/23 MP: 1/5
  1121 | D:2      | Reached XP level 3. HP: 26/28 MP: 4/6
  1125 | D:2      | Learned a level 3 spell: Spider Form
  1271 | D:2      | Found a faded altar of an unknown god.
  1975 | D:2      | Reached skill level 1 in Poison Magic
  1975 | D:2      | Reached XP level 4. HP: 35/36 MP: 4/7
  2455 | D:3      | Reached skill level 4 in Unarmed Combat
  2455 | D:3      | Reached XP level 5. HP: 38/41 MP: 5/8
  2532 | D:3      | Learned a level 4 spell: Ice Form
  3151 | D:4      | Noticed Menkaure
  3165 | D:4      | Killed Menkaure
  3166 | D:4      | Reached skill level 1 in Ice Magic
  3166 | D:4      | Reached XP level 6. HP: 23/50 MP: 8/10
  3338 | D:4      | Noticed Grinder
  3349 | D:4      | Found a burning altar of Makhleb.
  3358 | D:4      | Killed Grinder
  3359 | D:4      | Your scales start taking on an icy white colour.
  3359 | D:4      | Reached XP level 7. HP: 32/57 MP: 5/11
  3359 | D:4      | Gained mutation: Your flesh is cold resistant. (rC+) [White
                  | Draconian growth]
  3571 | D:4      | Noticed Dowan
  3575 | D:4      | Noticed Duvessa
  3592 | D:4      | Killed Duvessa
  3593 | D:4      | Reached skill level 5 in Unarmed Combat
  3597 | D:4      | Killed Dowan
  4159 | D:4      | Noticed Eustachio
  4186 | D:4      | Killed Eustachio
  4267 | D:4      | Found a staircase to the Ecumenical Temple.
  4353 | D:4      | Reached XP level 8. HP: 57/66 MP: 11/13
  4383 | Temple   | Entered the Ecumenical Temple
  4865 | Temple   | Became a worshipper of Uskayaw the Reveller
  5330 | D:5      | Entered Level 5 of the Dungeon
  5340 | D:5      | Reached * piety under Uskayaw
  5344 | D:5      | Reached ** piety under Uskayaw
  5347 | D:5      | Reached *** piety under Uskayaw
  5357 | D:5      | Reached **** piety under Uskayaw
  5371 | D:5      | Reached skill level 1 in Invocations
  5447 | D:5      | Reached skill level 6 in Unarmed Combat
  6623 | D:6      | Reached XP level 9. HP: 60/72 MP: 6/15
  7152 | D:6      | Reached skill level 5 in Ice Magic
  7289 | D:6      | Reached skill level 7 in Unarmed Combat
  7401 | D:6      | Identified the +1 pair of gloves of the Evening {rElec
                  | rPois Will- Int+4}
  7495 | D:7      | Reached skill level 5 in Fighting
  8067 | D:7      | Reached skill level 5 in Transmutations
  9061 | D:8      | Found Alua's Antique Weapon Emporium.
  9500 | D:9      | Reached skill level 5 in Dodging
  9500 | D:9      | Reached skill level 5 in Spellcasting
  9551 | D:9      | Reached skill level 8 in Unarmed Combat
  9555 | D:9      | Noticed a troll
  9876 | D:9      | Killed a troll
  9877 | D:9      | Reached XP level 10. HP: 57/83 MP: 13/17
 10092 | D:9      | Found a shimmering altar of Xom.
 10157 | D:9      | Reached ***** piety under Uskayaw
 10166 | D:9      | Reached ****** piety under Uskayaw
 10250 | D:9      | Found a staircase to the Orcish Mines.
 10706 | D:9      | Noticed a manticore
 10729 | D:9      | Killed a manticore
 11027 | D:9      | Noticed a purple ugly thing
 11128 | D:9      | Killed a purple ugly thing
 11129 | D:9      | Reached skill level 9 in Unarmed Combat
 11129 | D:9      | Reached skill level 5 in Invocations
 11851 | D:10     | Entered Level 10 of the Dungeon
 12262 | D:10     | Reached XP level 11. HP: 14/91 MP: 3/20
 13168 | D:10     | Noticed a boulder beetle
 13213 | D:10     | Killed a boulder beetle
 13516 | D:10     | Found a runed translucent door.
 13517 | D:10     | Identified the +10 trident "Buatoacs" {vorpal, Fly}
 13518 | D:10     | Noticed a spriggan rider
 13520 | D:10     | Noticed Swippen's ghost (journeyman GnBe)
 13725 | D:10     | Found a staircase to the Lair.
 13909 | D:11     | Reached skill level 10 in Unarmed Combat
 15309 | D:11     | Identified the ring "Trusted Companion" {Wiz rElec Str+2}
 15666 | D:12     | Noticed a red ugly thing
 15676 | D:12     | HP: 3/110 [red ugly thing (29)]
 16076 | D:12     | Noticed a two-headed ogre
 16085 | D:12     | Killed a two-headed ogre
 16375 | D:12     | Found Turryud's Antique Weapon Shop.
 16440 | D:12     | Killed a red ugly thing
 16848 | D:12     | Noticed an orange crystal statue
 17086 | D:12     | Noticed a boulder beetle
 17104 | D:12     | Killed a boulder beetle
 17105 | D:12     | Reached XP level 12. HP: 70/101 MP: 10/22
 17547 | Lair:1   | Entered Level 1 of the Lair of Beasts
 17566 | Lair:1   | Reached skill level 11 in Unarmed Combat
 17842 | Lair:1   | Noticed a death yak
 17852 | Lair:1   | Noticed a death yak
 17854 | Lair:1   | Noticed a death yak
 17856 | Lair:1   | Noticed a death yak
 18453 | Lair:1   | Noticed Gastronok
 18469 | Lair:1   | Killed Gastronok
 18868 | Lair:1   | Noticed a four-headed hydra
 18880 | Lair:1   | Killed a four-headed hydra
 19020 | Lair:1   | Noticed an eight-headed hydra
 19030 | Lair:1   | Killed an eight-headed hydra
 19951 | Lair:2   | Reached skill level 12 in Unarmed Combat
 20069 | Lair:2   | Noticed a five-headed hydra
 20079 | Lair:2   | Killed a five-headed hydra
 20518 | Lair:2   | Noticed a catoblepas
 20534 | Lair:2   | Killed a catoblepas
 20535 | Lair:2   | Reached XP level 13. HP: 102/111 MP: 16/24
 20583 | Lair:2   | Found a frozen archway.
 20604 | IceCv    | Entered an ice cave
 21198 | IceCv    | Noticed a white draconian
 21214 | IceCv    | Killed a white draconian
 21320 | IceCv    | Identified the ring of the Secret Tales {+Blink rC+ Will-
                  | Int+6 Dex+2}
 21363 | IceCv    | Identified the ring "Wuori" {rPois Will+ Str+6 Slay+3 SInv}
 23254 | Lair:3   | Found a runed translucent gate.
 23254 | Lair:3   | Found a runed translucent gate.
 23254 | Lair:3   | Found a runed translucent gate.
 23255 | Lair:3   | Noticed Patate's ghost (journeyman TrFi)
 23255 | Lair:3   | Noticed tstbtto's ghost (journeyman NaBe)
 23256 | Lair:3   | Noticed qborf's ghost (journeyman FeCj)
 23256 | Lair:3   | Noticed Tungsten's ghost (journeyman DjFE)
 23664 | Lair:3   | Found the amulet of Vitality {Regen+ HP+15}
 23770 | Lair:4   | Reached skill level 13 in Unarmed Combat
 24062 | Lair:4   | Reached skill level 10 in Fighting
 24096 | Lair:4   | Found a staircase to the Swamp.
 24362 | Lair:4   | Found a hole to the Spider Nest.
 24593 | Lair:4   | You fall into a shaft and drop 2 floors!
 24593 | Lair:6   | Entered Level 6 of the Lair of Beasts
 26143 | Lair:6   | Found a viscous altar of Jiyva.
 26143 | Lair:6   | Found a staircase to the Slime Pits.
 26395 | Lair:6   | Reached XP level 14. HP: 54/121 MP: 24/26
 27768 | Lair:6   | Reached skill level 10 in Transmutations
 28018 | Lair:6   | Reached skill level 14 in Unarmed Combat
 28254 | Lair:6   | Reached skill level 10 in Invocations
 28623 | Lair:6   | Killed from afar by a molten gargoyle

Illustrated notes

Levels and vault maps discovered:
D:1:      dpeg_arrival_tiny_a, layout_loops_ring
D:2:      layout_basic, hellmonk_ecumenical_altar_crossroads,
          serial_corexii_hall, corexii_hall_statues_x, corexii_hall_statues_l
D:3:      layout_basic, grunt_ministairs_12
D:4:      layout_basic, makhleb_heckhound_becter, minmay_temple_entry_slanted,
          uniq_duvessa, uniq_grinder, uniq_menkaure, uniq_eustachio
D:5:      layout_rooms, kennysheep_generic_room_8
D:6:      layout_loops_ring
D:7:      layout_gridville
D:8:      layout_loops_ring, serial_shops, nicolae_shop_overgrown_old_shop,
          chequers_serial_rivers_large_b
D:9:      wad_arrow_thing, layout_rooms, xom_confusion_cloud, hiddenorc2_lemuel
D:10:     layout_small_grid, dpeg_oklobed_lair, ebering_ghost_funeral_grove,
          enter_bailey_7
D:11:     layout_grid_maze
D:12:     dragon1_lemuel, layout_rooms, serial_shops, nicolae_shop_trees,
          minivault_16, minmay_fire_ice_demons
Temple:   mainiacjoe_temple_big_plus
Lair:1:   layout_cave_pods, uniq_gastronok
Lair:2:   layout_layer_cave, portal_ice_cave_demonic_guard, st_stairs_7,
          grunt_forest_small_clearing_treed, grunt_megastairs_1,
          infiniplex_staircase_pool
Lair:3:   layout_regular_city, gammafunk_ghost_cemetery, roderic_carrion_pond,
          grunt_megastairs_5, serial_bayou_shore_b
Lair:4:   layout_gridlike, minmay_swamp_entry_wisps, spider_nest_entry_web_field
Lair:5:   layout_gridlike
Lair:6:   cheibrodos_lair_end_hotspot, layout_regular_city, slime_altar_1,
          chequers_serial_rivers_small_b, grunt_forest_large_clearings

Skill      XL: |  1  2  3  4  5  6  7  8  9 10 11 12 13 14 |
---------------+-------------------------------------------+-----
Dodging        | 2 3 4 5 6 7 8 9 |  9.3
Fighting       | 2 3 4 5 6 8 9 10 | 10.8
Poison Magic   | 1 2 |  2.0
Unarmed Combat | 4 5 6 8 9 10 12 13 14 | 14.0
Ice Magic      | 1 2 4 5 |  5.0
Spellcasting   | 3 4 5 6 7 8 9 |  9.2
Transmutations | 3 4 5 6 7 8 9 10 | 10.1
Invocations    | 2 4 5 7 8 9 10 | 10.0

Action                   |  1- 3 |  4- 6 |  7- 9 | 10-12 | 13-15 || total
-------------------------+-------+-------+-------+-------+-------++-------
Melee: Unarmed           |   120 |    88 |   345 |   557 |   468 ||  1578
       Kick              |    15 |    17 |     6 |       |       ||    38
       Headbutt          |    10 |    11 |     2 |       |       ||    23
       Tailslap          |     8 |    13 |    11 |     8 |     1 ||    41
       Punch             |       |     1 |     1 |     1 |     1 ||     4
 Cast: Beastly Appendage |    20 |    13 |     3 |       |     4 ||    40
       Spider Form       |     1 |     3 |    15 |       |     1 ||    20
       Ice Form          |       |       |    21 |    53 |    55 ||   129
Invok: Stomp             |       |       |       |     2 |       ||     2
       Line Pass         |       |       |       |     1 |     1 ||     2
 Abil: Breathe Frost     |       |       |     1 |       |       ||     1
Evoke: Wand              |       |       |       |     4 |       ||     4
  Use: Scroll            |     2 |     2 |    10 |     7 |     7 ||    28
       Potion            |       |     2 |       |     1 |     1 ||     4
 Stab: Sleeping          |     1 |       |       |     1 |       ||     2
       Paralysed         |       |       |     9 |    57 |    48 ||   114
       Held in net/web   |       |       |     1 |       |       ||     1
Armor: Skin              |    53 |    35 |   140 |   240 |   148 ||   616
Dodge: Dodged            |    70 |    61 |   266 |   374 |   259 ||  1030

Table legend: (Time is in decaauts)
 A = Elapsed time spent in this place.
 B = Non-inter-level travel time spent in this place.
 C = Inter-level travel time spent in this place.
 D = Time resting spent in this place.
 E = Time spent auto-exploring this place.
 F = Levels seen in this place.
 G = Mean time per level.
                   A        B        C        D        E       F      G
               +--------+--------+--------+--------+--------+-----+--------+
         Total |  28408 |  27470 |    938 |   1226 |  22780 |  20 | 1420.4 |
       Dungeon |  17332 |  16723 |    609 |    839 |  13758 |  12 | 1444.3 |
        Temple |    512 |    448 |     64 |      0 |    442 |   1 |  512.0 |
          Lair |   9753 |   9490 |    263 |    301 |   8059 |   6 | 1625.5 |
      Ice Cave |    810 |    810 |      0 |     86 |    521 |   1 |  810.0 |
               +--------+--------+--------+--------+--------+-----+--------+

Top non-repeatable levels by time:
     D:9: 3067 daAuts
    D:11: 2320 daAuts
  Lair:6: 2051 daAuts
  Lair:1: 1992 daAuts
     D:4: 1669 daAuts
  Lair:2: 1592 daAuts
  Lair:5: 1557 daAuts
    D:10: 1551 daAuts
  Lair:3: 1293 daAuts
    D:12: 1278 daAuts
  Lair:4: 1266 daAuts
     D:1: 1258 daAuts
     D:6: 1257 daAuts
     D:8: 1099 daAuts
     D:7: 1069 daAuts
